 Dungeon Crawl Stone Soup version 0.17.1-3-g152610e (webtiles) character file.

446 kaze the Ducker (level 6, -9/61 HPs)
             Began as a Troll Berserker on Mar 7, 2016.
             Was a Priest of Trog.
             Mangled by an iguana (10 damage)
             ... on level 4 of the Dungeon.
             The game lasted 00:08:16 (2780 turns).

kaze the Ducker (Troll Berserker)                   Turns: 2780, Time: 00:08:17

Health: -9/61      AC:  6    Str: 28    XL:     6   Next: 73%
Magic:  5/5        EV:  5    Int:  3    God:    Trog [***...]
Gold:   216        SH:  0    Dex:  7    Spells: 0 memorised, 5 levels left

rFire  + . .     SeeInvis .     j - +0 halberd
rCold  . . .     Clarity  +     m - +1 robe {rF+}
rNeg   . . .     SustAt   .     (shield currently unavailable)
rPois  .         Gourm    +     (helmet restricted)
rElec  .         Spirit   .     (no cloak)
rCorr  .         Warding  .     (gloves unavailable)
rMut   .         Stasis   .     (boots unavailable)
MR     .....                    (no amulet)
Stlth  +.........               (no ring)
                                (no ring)

@: exhausted, slowed, very slow, not resistant to hostile enchantments, very
unstealthy
A: unfitting armour, claws 3, hooves 1, clarity, clumsy 1, deterioration 1, fast
metabolism 3, gourmand, regeneration 2, screaming 1, shaggy fur 1, tough skin 2
a: Berserk, Trog's Hand, Burn Spellbooks, Renounce Religion


You were on level 4 of the Dungeon.
You worshipped Trog.
Trog was most pleased with you.
You were very full.

You visited 1 branch of the dungeon, and saw 4 of its levels.

You collected 216 gold pieces.

Inventory:

Hand Weapons
 j - a +0 halberd (weapon)
Armour
 a - a +0 animal skin
 k - a troll hide {Purgy}
 m - a +1 robe of fire resistance (worn)
Scrolls
 d - 2 scrolls of identify
 e - a scroll of teleportation
 h - a scroll of fog
 i - 2 scrolls of recharging
Comestibles
 b - 3 bread rations
 c - 2 chunks of flesh
 g - a beef jerky


   Skills:
 + Level 3.6 Fighting
 + Level 0.4 Polearms
 + Level 1.1 Armour
 + Level 4.6 Dodging
 - Level 0.1 Stealth
 + Level 4.4 Unarmed Combat


You had 5 spell levels left.
You didn't know any spells.

Dungeon Overview and Level Annotations

Branches:
Dungeon (4/15)
 Temple: D:4-7

Altars:
Ashenzari
Cheibriados
Elyvilon
Makhleb
Okawaru
Ru
Xom
Yredelemnul
The Shining One

Annotations:
D:4 Duvessa


Innate Abilities, Weirdness & Mutations

You are too large for most types of armour.
You have claws for hands.
Your metabolism is lightning-fast.
You like to eat raw meat.
You heal very quickly.
You are covered in fur (AC +1).
You have very tough skin (AC +2).
You have large cloven feet.
You possess an exceptional clarity of mind.
You are clumsy. (Dex -2)
Your body sometimes deteriorates upon taking damage.
You occasionally shout uncontrollably at your foes.


Message History

You closely miss Duvessa.
Duvessa is lightly wounded.
You are no longer berserk.
You are exhausted.
You feel yourself slow down. Duvessa barely misses you. The iguana bites you.
The orc hits you with a falchion of holy wrath.
* * * LOW HITPOINT WARNING * * *
Duvessa hits you with a short sword.
* * * LOW HITPOINT WARNING * * *
You don't know any spells.
Your skin stops crawling.
You feel less resistant to hostile enchantments.
Duvessa hits you with a short sword.
* * * LOW HITPOINT WARNING * * *
The iguana bites you.
* * * LOW HITPOINT WARNING * * *
The orc hits you with a falchion of holy wrath.
* * * LOW HITPOINT WARNING * * *
Duvessa barely misses you. The iguana bites you!
You die...

.. ...# .## .
.# ... ...#
..#...#
#..#..# .....
#..####
#@....#
#oel..#$..
..o{.....#
........#...#
.........##
...
.......... ..
.......#.) .
.(....# .._


You could see Duvessa (berserk), an iguana and 2 orcs.

Vanquished Creatures
  Purgy (D:3)
  Dowan (D:4)
  An orc priest (D:3)
  Ijyb (D:2)
  An orc wizard (D:3)
  Jessica (D:3)
  7 gnolls
  3 adders
  An ooze (D:3)
  2 worms
  3 giant geckos (D:3)
  2 orcs (D:3)
  11 bats
  3 giant cockroaches
  12 goblins
  7 hobgoblins
  6 jackals
  5 kobolds
  3 quokkas
  5 ball pythons
  8 giant newts
  7 rats
91 creatures vanquished.

Notes
Turn   | Place    | Note
--------------------------------------------------------------
     0 | D:1      | kaze the Troll Berserker began the quest for the Orb.
     0 | D:1      | Reached XP level 1. HP: 22/22 MP: 0/0
   131 | D:1      | Reached XP level 2. HP: 29/29 MP: 1/1
   353 | D:1      | Reached ** piety under Trog
   676 | D:2      | Reached XP level 3. HP: 29/36 MP: 2/2
   732 | D:2      | Reached XP level 4. HP: 45/45 MP: 3/3
   802 | D:2      | Found a white marble altar of Elyvilon.
   881 | D:2      | Found a sacrificial altar of Ru.
   888 | D:2      | Found a basalt altar of Yredelemnul.
   965 | D:2      | Noticed Ijyb
   983 | D:2      | Killed Ijyb
   987 | D:2      | Found a shimmering altar of Xom.
   998 | D:2      | Found a burning altar of Makhleb.
  1105 | D:2      | Found a sacrificial altar of Ru.
  1215 | D:2      | Reached *** piety under Trog
  1433 | D:3      | Reached XP level 5. HP: 50/53 MP: 4/4
  1469 | D:3      | Noticed Purgy
  1482 | D:3      | Reached skill level 4 in Unarmed Combat
  1487 | D:3      | Killed Purgy
  1518 | D:3      | Gained mutation: Your body sometimes deteriorates upon taking damage. [potion of mutation]
  1518 | D:3      | Gained mutation: You are clumsy. (Dex -2) [potion of mutation]
  1518 | D:3      | Gained mutation: You occasionally shout uncontrollably at your foes. [potion of mutation]
  1519 | D:3      | Gained mutation: You have large cloven feet. [potion of mutation]
  1519 | D:3      | Gained mutation: You possess an exceptional clarity of mind. [potion of mutation]
  1560 | D:3      | Reached XP level 6. HP: 61/61 MP: 5/5
  2334 | D:3      | Found a shattered altar of Ashenzari.
  2435 | D:3      | Noticed Jessica
  2445 | D:3      | Killed Jessica
  2445 | D:3      | Reached skill level 1 in Armour
  2468 | D:3      | Found a snail-covered altar of Cheibriados.
  2478 | D:3      | Found a glowing golden altar of the Shining One.
  2675 | D:3      | Found an iron altar of Okawaru.
  2764 | D:4      | Found an iron altar of Okawaru.
  2764 | D:4      | Noticed Duvessa
  2764 | D:4      | Noticed Dowan
  2774 | D:4      | Killed Dowan
  2780 | D:4      | HP: 3/61 [iguana (4)]
  2780 | D:4      | HP: 1/61 [orc/falchion of holy wrath (2)]
  2780 | D:4      | Mangled by an iguana

Action                   |  1- 3 |  4- 6 || total
-------------------------+-------+-------++-------
Melee: Unarmed           |    86 |   117 ||   203
       Halberd           |       |   187 ||   187
Invok: Berserk           |     1 |     3 ||     4
       Trog's Hand       |       |     1 ||     1
  Use: Scroll            |     6 |     3 ||     9
       Potion            |     2 |     2 ||     4
 Stab: Sleeping          |       |     1 ||     1
  Eat: Chunk             |    10 |    26 ||    36
